 Dungeon Crawl Stone Soup version 0.26.1-11-gd32895ea62 (webtiles) character file.

Game seed: 4236746940405247984

22 Descartes the Sneak (level 2, 0/12 HPs)
             Began as a Felid Transmuter on July 7, 2021.
             Slain by a bat (1 damage)
             ... on level 2 of the Dungeon.
             The game lasted 00:01:16 (1273 turns).

Descartes the Sneak (Felid Transmuter)              Turns: 1273, Time: 00:01:16

Health: 0/12       AC:  1    Str:  6    XL:     2   Next: 68%
Magic:  6/6        EV: 18    Int: 14    God:
Gold:   24         SH:  0    Dex: 16    Spells: 4/5 levels left
                                        Lives:  0   Deaths: 0

rFire    . . .     SeeInvis +     - Unarmed
rCold    . . .     Faith    .   (shield unavailable)
rNeg     . . .     Spirit   .   (armour unavailable)
rPois    .         Reflect  .   (helmet unavailable)
rElec    .         Harm     .   (cloak unavailable)
rCorr    .         Rampage  .   (gloves unavailable)
Will     .....                  (boots unavailable)
Stlth    ++........             (no amulet)
HPRegen  0.04/turn              m - ring of attention (curse)
MPRegen  0.10/turn              (no ring)

@: quick
A: very small, no armour, no weapons or thrown items, stealth, claws 1, fangs 3,
see invisible, speed 1, shaggy fur 1, sharp paws
a: no special abilities


You were on level 2 of the Dungeon.
You visited 1 branch of the dungeon, and saw 2 of its levels.

You collected 24 gold pieces.

Inventory:

Jewellery
 m - a cursed ring of attention (left paw)
Scrolls
 a - a scroll of teleportation {unknown}
 b - a scroll of amnesia {unknown}
 c - a scroll of blinking {unknown}
 h - 2 scrolls of identify {unknown}
 k - a scroll of random uselessness {unknown}
Potions
 d - a potion of heal wounds {unknown}
 e - a potion of lignification {unknown}
 f - a potion of mutation {unknown}
 g - a potion of flight {unknown}
 i - 2 potions of curing {unknown}
 j - a potion of might {unknown}
 l - a potion of degeneration {unknown}


   Skills:
 - Level 1.0 Fighting
 - Level 2.6 Dodging
 + Level 3.6 Stealth
 - Level 3.0 Unarmed Combat
 - Level 2.0 Spellcasting
 - Level 2.1 Transmutations


You had 4 spell levels left.
You knew the following spells:

 Your Spells              Type           Power        Failure   Level
a - Beastly Appendage     Tmut           14%          10%         1

Your spell library contained the following spells:

 Spells                   Type           Power        Failure   Level
 Wereblood                Tmut           7%           14%         2
 Spider Form              Tmut/Pois      2%           41%         3
 Ice Form                 Ice/Tmut       4%           83%         4
 Blade Hands              Tmut           3%           95%         5


Dungeon Overview and Level Annotations

Branches:
Dungeon (2/15)

Altars:


Innate Abilities, Weirdness & Mutations

You cannot wear armour.
You are incapable of wielding weapons or throwing items.
Your paws allow you to move quietly. (Stealth)
You have sharp claws.
You have razor-sharp teeth.
You have supernaturally acute eyesight. (SInv)
You cover ground quickly.
You are covered in fur. (AC +1)
Your sharp claws are effective at attacking unaware monsters.


Message History

You are too injured to fight recklessly!
The bat closely misses you.
Your horns disappear.
The bat hits you but does no damage. The bat misses you. The bat misses you.
The bat misses you. The bat completely misses you. The bat hits you.
The bat hits you.
* * * LOW HITPOINT WARNING * * *
The bat hits you.
* * * LOW HITPOINT WARNING * * *
The bat barely misses you. The bat misses you.
Okay, then.
The bat hits you.
* * * LOW HITPOINT WARNING * * *
The bat hits you.
You die...

#############
##.....#.....##
##.............##
#...............#
#.......S.......#
#........b@.....#
#...............#
###...K...........#
##.................#
##..#...............#
###..##.......#.......#
...........#.#######..#
...####......# ###..#
........#...## #....#


You could see an adder, a bat and a kobold.

Vanquished Creatures
  An adder (D:2)
  A giant cockroach (D:1)
  3 goblins (D:1)
  2 hobgoblins
  4 kobolds
  4 rats
15 creatures vanquished.

Notes
Turn   | Place    | Note
-------+----------+-------------------------------------------
     0 | D:1      | Descartes the Felid Transmuter began the quest for the Orb.
     0 | D:1      | Reached XP level 1. HP: 9/9 MP: 4/4
    16 | D:1      | Reached skill level 1 in Stealth
   614 | D:1      | Reached XP level 2. HP: 12/12 MP: 4/6
  1273 | D:2      | Slain by a bat

Illustrated notes

Levels and vault maps discovered:
D:1:      mushboom_english_gardens, layout_basic, chequers_mini_garden,
          skrybe_limestone_x
D:2:      layout_rooms, serial_curves, eino_curves_01, eino_curves_04,
          minmay_pentomino_q2

Skill      XL: |  1  2 |
---------------+-------+-----
Stealth        | 2 3 |  3.6
Fighting       | |  1.0
Dodging        | |  2.6
Unarmed Combat | |  3.0
Spellcasting   | |  2.0
Transmutations | |  2.1

Action                   || total
-------------------------++-------
Melee: Unarmed           ||    42
       Headbutt          ||     2
       Bite              ||     2
       Punch             ||     1
 Cast: Beastly Appendage ||    12
 Stab: Sleeping          ||     1
Armor: Skin              ||     1
Dodge: Dodged            ||    38
